Jets vs Devils
(R2)
Created - May 14, 2017 at 21:31
Goals
|
| Jets |
3 |
0 |
2 |
5 |
| Devils |
0 |
1 |
3 |
4 |
|
Shots
|
| Jets |
9 |
6 |
8 |
23 |
| Devils |
10 |
12 |
7 |
29 |
|
1st period
1. Jets , Derek Roy 33 (Anton Volchenkov 24) at 8:26 (PP)
2. Jets , James Wright 4 (Lee Stempniak 14, Anton Volchenkov 25) at 9:36 (PP)
3. Jets , James Wright 5 (Eric Fehr 13) at 10:15
Penalties :
Greg Zanon (Win) for Roughing (Minor) at 0:34, Tyler Myers (Win) for Interference (Minor) at 5:00, Dan Boyle (NJD) for Tripping (Minor) at 8:07, Dan Boyle (NJD) for Roughing (Minor) at 8:33, Tyler Myers (Win) for Hooking (Minor) at 14:38
2nd period
4. Devils , Adam Pardy 3 (Ted Purcell 36, Rene Bourque 17) at 9:33
Penalties :
Michael Rupp (Win) for Tripping (Minor) at 1:32, Karl Alzner (NJD) for Goalie Interference (Minor) at 2:00, Anton Volchenkov (Win) for Holding (Minor) at 4:40, Michael Rupp (Win) for Tripping (Minor) at 9:57, Jimmy Hayes (Win) for Holding (Minor) at 17:46
3rd period
5. Devils , Matt Duchene 29 (Ted Purcell 37, Rene Bourque 18) at 1:45 (PP)
6. Jets , Benoit Pouliot 41 (Derek Roy 59, Lee Stempniak 15) at 1:59
7. Jets , Marcel Hossa 3 (Travis Hamonic 12) at 9:51
8. Devils , Ted Purcell 38 (Karl Alzner 25, Dan Boyle 24) at 10:24
9. Devils , Adam Pardy 4 (Dan Boyle 25, Jason Spezza 53) at 19:13 (PP)
Penalties :
Michal Rozsival (Win) for Charging (Minor) at 1:13, Michael Rupp (Win) for Interference (Minor) at 3:10, Ilya Kovalchuk (NJD) for Slashing (Minor) at 12:11, Adam Pardy (NJD) for Tripping (Minor) at 14:53, Lee Stempniak (Win) for Roughing (Minor) at 18:59
Goalie Stats
Kari Lehtonen (Win), 25 saves from 29 shots - (0.862), W, 18-23-4, 60:00 minutes
Cam Ward (NJD), 13 saves from 17 shots - (0.765), 41:59 minutes
James Reimer (NJD), 5 saves from 6 shots - (0.833), L, 18-16-3, 17:18 minutes
Players Stats for Jets
Player Name G A P +/- PIM S H SB GA TA FO MP PP MP PK MP
------------------------------------------------------------------------------------
Anton Volchenkov 0 2 2 1 2 3 1 4 0 1 0/0 28:39 3:32 8:30
Benoit Pouliot 1 0 1 0 0 5 4 1 0 0 1/2 24:18 2:57 6:24
Derek Roy 1 1 2 0 0 6 2 1 0 0 13/29 24:58 2:57 6:39
Derek Stepan 0 0 0 0 0 1 1 1 0 0 4/8 13:58 2:33 1:31
Eric Fehr 0 1 1 2 0 1 0 0 0 0 0/0 7:41 0:03 0:00
Eric Gelinas 0 0 0 0 0 0 1 0 0 0 0/0 10:09 0:00 0:37
Fredrik Sjostrom 0 0 0 0 0 3 1 0 0 1 0/0 12:07 0:18 2:08
Greg Zanon 0 0 0 0 2 0 1 0 0 0 0/0 12:37 0:00 2:51
James Wright 2 0 2 1 0 2 3 1 0 0 5/18 21:35 2:51 7:55
Jimmy Hayes 0 0 0 0 2 0 1 0 0 0 0/0 7:21 0:00 0:00
Lee Stempniak 0 2 2 0 2 1 1 1 0 0 1/1 13:48 2:33 0:00
Marcel Hossa 1 0 1 2 0 1 0 0 0 0 0/0 5:06 0:00 0:03
Michael Rupp 0 0 0 -1 6 0 1 2 0 0 0/1 17:44 0:18 5:23
Michal Rozsival 0 0 0 0 2 0 1 4 0 1 0/0 21:34 2:16 6:13
Mikko Koivu 0 0 0 0 0 0 0 0 0 0 0/0 0:39 0:00 0:11
T.J. Oshie 0 0 0 -1 0 0 0 0 0 0 0/1 12:52 2:54 0:00
Travis Hamonic 0 1 1 1 0 0 0 1 1 0 0/0 24:45 3:50 4:41
Tyler Myers 0 0 0 0 4 0 4 2 0 0 0/0 23:21 1:58 7:22
Players Stats for Devils
Player Name G A P +/- PIM S H SB GA TA FO MP PP MP PK MP
------------------------------------------------------------------------------------
Adam Pardy 2 0 2 1 2 2 3 1 0 0 0/0 25:09 6:20 1:41
Alexandre Burrows 0 0 0 0 0 2 0 0 0 0 0/0 9:25 0:18 1:08
Anthony Stewart 0 0 0 0 0 2 0 0 0 0 0/1 8:11 0:24 0:07
Brad Richardson 0 0 0 0 0 1 2 0 0 0 0/0 8:23 0:00 0:00
Brent Seabrook 0 0 0 -1 0 0 1 0 1 0 0/0 30:57 8:47 4:20
Chris Mcallister 0 0 0 0 0 0 1 0 0 0 0/1 12:30 0:00 3:43
Dan Boyle 0 2 2 -1 4 3 1 2 1 0 0/0 23:02 6:20 2:05
Dominic Moore 0 0 0 0 0 1 1 0 0 0 9/12 12:01 0:00 3:11
Ilya Kovalchuk 0 0 0 -1 2 4 4 0 0 1 1/1 22:02 8:15 0:49
Jason Spezza 0 1 1 0 0 2 1 0 1 0 14/17 19:36 8:00 0:00
Jordan Eberle 0 0 0 -1 0 3 1 0 0 0 1/3 20:23 8:15 0:00
Karl Alzner 0 1 1 -2 2 4 1 2 0 0 0/0 29:05 8:46 2:43
Kyle Cumiskey 0 0 0 1 0 0 0 0 0 0 0/0 9:12 0:00 0:47
Matt Duchene 1 0 1 -1 0 3 0 1 0 0 10/21 19:38 6:35 1:11
Mike Komisarek 0 0 0 0 0 0 0 0 0 0 0/0 0:18 0:00 0:00
Rene Bourque 0 2 2 0 0 0 0 0 0 0 0/0 16:11 6:28 0:00
Steve Ott 0 0 0 0 0 0 2 0 0 0 1/2 8:47 0:38 1:19
Ted Purcell 1 2 3 0 0 2 2 1 0 0 0/2 17:46 6:28 0:08
3 Stars
1 - James Wright (Win)
2 - Ted Purcell (NJD)
3 - Adam Pardy (NJD)
Power Play
Jets - 2 on 5 Attempt(s) - 40.00%
Devils - 2 on 10 Attempt(s) - 20.00%
Penalty Kill
Jets - 8 on 10 Attempt(s) - 80.00%
- Score 0 goal in Penalty Kill
Devils - 3 on 5 Attempt(s) - 60.00%
- Score 0 goal in Penalty Kill
Team Stat
Jets - Hits : 22 - Faceoff Wins : 24 - Blocked Shots : 18 - Penalty Minutes : 20
Devils - Hits : 20 - Faceoff Wins : 36 - Blocked Shots : 7 - Penalty Minutes : 10
Official
Referees : Leggo Mike and Pochmara Brian
Linesman : Steve Miller and Darren Gibbs
Game Notes
Mike Komisarek is injured at 0:17 of 1st period (Left Hand)
Mikko Koivu is injured at 3:33 of 1st period (Sore Right Knee)
James Reimer enters game at 1:59 of 3rd period
Finance
Level 1 -- Attendance: 4977 (82.95%) -- Ticket Income $423,045
Level 2 -- Attendance: 4682 (93.64%) -- Ticket Income $243,464
Level 3 -- Attendance: 1753 (87.65%) -- Ticket Income $49,084
Level 4 -- Attendance: 4000 (100.00%) -- Ticket Income $80,000
Luxury Box -- Attendance: 1000 (100.00%) -- Ticket Income $150,000
Game was played at the The prudential Center.
Total Attendance: 16412 (91.18%)
Total Ticket Income: $945,593
Other Income: $141,839
Total Income: $1,087,432
Jets
5 vs 5 Forward
Center Left Wing Right Wing Time % Phy DF OF
1 Derek Roy Benoit Pouliot Lee Stempniak 35 1 2 2
2 Mikko Koivu Michael Rupp T.J. Oshie 30 1 2 2
3 Derek Stepan Fredrik Sjostrom Jimmy Hayes 20 1 2 2
4 James Wright Marcel Hossa Eric Fehr 15 1 2 2
5 vs 5 Defense
Defense Defense Time % Phy DF OF
1 Travis Hamonic Anton Volchenkov 40 1 3 1
2 Michal Rozsival Tyler Myers 30 1 3 1
3 Eric Gelinas Greg Zanon 20 1 2 2
4 Michal Rozsival Tyler Myers 10 1 2 2
PowerPlay Forward
Center Left Wing Right Wing Time % Phy DF OF
1 Derek Roy Benoit Pouliot T.J. Oshie 60 1 0 4
2 Derek Stepan James Wright Lee Stempniak 40 0 0 5
PowerPlay Defense
Defense Defense Time % Phy DF OF
1 Anton Volchenkov Travis Hamonic 60 0 1 4
2 Tyler Myers Michal Rozsival 40 0 1 4
Penalty Kill 4 Players Forward
Center Wing Time % Phy DF OF
1 James Wright Michael Rupp 60 0 4 1
2 Derek Roy Benoit Pouliot 40 0 4 1
Penalty Kill 4 Players Defense
Defense Defense Time % Phy DF OF
1 Anton Volchenkov Tyler Myers 60 1 2 2
2 Michal Rozsival Travis Hamonic 40 1 2 2
Penalty Kill - 3 Players Forward
Forward Time % Phy DF OF
1 Derek Roy 60 0 5 0
2 James Wright 40 0 5 0
Penalty Kill - 3 Players Defense
Defense Defense Time % Phy DF OF
1 Anton Volchenkov Tyler Myers 60 0 5 0
2 Travis Hamonic Michal Rozsival 40 0 5 0
4 vs 4 Forward
Center Wing Time % Phy DF OF
1 Derek Roy Benoit Pouliot 60 1 2 2
2 Mikko Koivu Lee Stempniak 40 1 2 2
4 vs 4 Defense
Defense Defense Time % Phy DF OF
1 Anton Volchenkov Tyler Myers 60 1 2 2
2 Travis Hamonic Michal Rozsival 40 1 2 2
Last Minutes Offensive
Center Left Wing Right Wing Defense Defense
Derek Roy Benoit Pouliot T.J. Oshie Travis Hamonic Anton Volchenkov
Last Minutes Defensive
Center Left Wing Right Wing Defense Defense
Derek Roy Fredrik Sjostrom Michael Rupp Travis Hamonic Anton Volchenkov
Goaltenders
Starting : Kari Lehtonen
Backup : Jacob Markstrom
Extra Forwards
Normal : James Wright, Benoit Pouliot, Derek Roy - PP : Derek Roy, Benoit Pouliot - PK : Derek Roy
Extra Defensemen
Normal : Anton Volchenkov, Michal Rozsival, Tyler Myers - PP : Anton Volchenkov - PK : Michal Rozsival, Anton Volchenkov
Penalty Shots
Lee Stempniak, Benoit Pouliot, Derek Roy, Mikko Koivu, James Wright
Scratches
Dustin Brown (Left Ankle Injury), Kevin Klein (Healthy), Mikko Koivu (Sore Right Knee Injury)
Devils
5 vs 5 Forward
Center Left Wing Right Wing Time % Phy DF OF
1 Matt Duchene Ilya Kovalchuk Jordan Eberle 40 0 2 3
2 Jason Spezza Ted Purcell Rene Bourque 30 0 2 3
3 Dominic Moore Chris Mcallister Brad Richardson 20 0 2 3
4 Steve Ott Alexandre Burrows Anthony Stewart 10 0 2 3
5 vs 5 Defense
Defense Defense Time % Phy DF OF
1 Brent Seabrook Mike Komisarek 40 1 2 2
2 Dan Boyle Karl Alzner 30 1 2 2
3 Kyle Cumiskey Adam Pardy 20 1 2 2
4 Brent Seabrook Adam Pardy 10 1 2 2
PowerPlay Forward
Center Left Wing Right Wing Time % Phy DF OF
1 Jason Spezza Ilya Kovalchuk Jordan Eberle 60 0 1 4
2 Matt Duchene Ted Purcell Rene Bourque 40 0 1 4
PowerPlay Defense
Defense Defense Time % Phy DF OF
1 Brent Seabrook Karl Alzner 60 0 2 3
2 Dan Boyle Adam Pardy 40 0 2 3
Penalty Kill 4 Players Forward
Center Wing Time % Phy DF OF
1 Dominic Moore Chris Mcallister 60 1 2 2
2 Steve Ott Ilya Kovalchuk 40 1 2 2
Penalty Kill 4 Players Defense
Defense Defense Time % Phy DF OF
1 Brent Seabrook Mike Komisarek 60 1 2 2
2 Adam Pardy Karl Alzner 40 1 2 2
Penalty Kill - 3 Players Forward
Forward Time % Phy DF OF
1 Ted Purcell 60 1 2 2
2 Dominic Moore 40 1 2 2
Penalty Kill - 3 Players Defense
Defense Defense Time % Phy DF OF
1 Adam Pardy Mike Komisarek 60 1 2 2
2 Mike Komisarek Kyle Cumiskey 40 1 2 2
4 vs 4 Forward
Center Wing Time % Phy DF OF
1 Jason Spezza Ted Purcell 60 1 2 2
2 Matt Duchene Ilya Kovalchuk 40 1 2 2
4 vs 4 Defense
Defense Defense Time % Phy DF OF
1 Karl Alzner Brent Seabrook 60 1 2 2
2 Mike Komisarek Dan Boyle 40 1 2 2
Last Minutes Offensive
Center Left Wing Right Wing Defense Defense
Jason Spezza Ilya Kovalchuk Jordan Eberle Brent Seabrook Dan Boyle
Last Minutes Defensive
Center Left Wing Right Wing Defense Defense
Jason Spezza Ilya Kovalchuk Jordan Eberle Mike Komisarek Brent Seabrook
Goaltenders
Starting : Cam Ward
Backup : James Reimer
Extra Forwards
Normal : Anthony Stewart, Chris Mcallister, Dominic Moore - PP : Matt Duchene, Steve Ott - PK : Chris Mcallister
Extra Defensemen
Normal : Brent Seabrook, Karl Alzner, Adam Pardy - PP : Kyle Cumiskey - PK : Karl Alzner, Brent Seabrook
Penalty Shots
Ilya Kovalchuk, Ted Purcell, Rene Bourque, Matt Duchene, Jordan Eberle
Scratches
Mike Komisarek (Left Hand Injury)
% Time on Ice - Jets
Lines # - Real PCT - Wanted PCT - Time Play
Normal Forward
1 - 32% - 35% - 11:45
2 - 35% - 30% - 12:47
3 - 20% - 20% - 7:17
4 - 14% - 15% - 4:59
Normal Defense
1 - 41% - 40% - 15:06
2 - 32% - 30% - 11:57
3 - 24% - 20% - 8:58
4 - 2% - 10% - 0:47
PP Forward
1 - 56% - 60% - 3:15
2 - 44% - 40% - 2:33
PP Defense
1 - 61% - 60% - 3:32
2 - 39% - 40% - 2:16
PK Forward
1 - 77% - 60% - 11:38
2 - 23% - 40% - 3:29
PK Defense
1 - 69% - 60% - 10:26
2 - 31% - 40% - 4:41
PK3 Forward
1 - 0% - 60%
2 - 0% - 40%
PK3 Defense
1 - 0% - 60%
2 - 0% - 40%
44 Forward
1 - 78% - 60% - 1:11
2 - 22% - 40% - 0:20
44 Defense
1 - 76% - 60% - 1:09
2 - 24% - 40% - 0:22
Last Minute Offensive - 0:00
Last Minute Defensive - 0:46
Total
Forward - 60:00
Defense - 60:00
|
% Time on Ice - Devils
Lines # - Real PCT - Wanted PCT - Time Play
Normal Forward
1 - 36% - 40% - 13:05
2 - 27% - 30% - 9:50
3 - 23% - 20% - 8:23
4 - 15% - 10% - 5:30
Normal Defense
1 - 48% - 40% - 17:29
2 - 31% - 30% - 11:32
3 - 18% - 20% - 6:41
4 - 3% - 10% - 1:06
PP Forward
1 - 56% - 60% - 8:32
2 - 44% - 40% - 6:35
PP Defense
1 - 58% - 60% - 8:47
2 - 42% - 40% - 6:20
PK Forward
1 - 77% - 60% - 4:29
2 - 23% - 40% - 1:19
PK Defense
1 - 93% - 60% - 5:24
2 - 7% - 40% - 0:24
PK3 Forward
1 - 0% - 60%
2 - 0% - 40%
PK3 Defense
1 - 0% - 60%
2 - 0% - 40%
44 Forward
1 - 75% - 60% - 1:08
2 - 25% - 40% - 0:23
44 Defense
1 - 88% - 60% - 1:20
2 - 12% - 40% - 0:11
Last Minute Offensive - 0:46
Last Minute Defensive - 0:00
Total
Forward - 60:00
Defense - 60:00
|
Play by Play
1st period
0:01 of 1st period - Derek Roy wins face-off versus Jordan Eberle in neutral zone.
0:01 of 1st period - Derek Roy is hit by Jordan Eberle.
0:04 of 1st period - Off-side.
0:05 of 1st period - Matt Duchene wins face-off versus Derek Roy in neutral zone.
0:16 of 1st period - Mike Komisarek is hit by Derek Roy and loses puck.
0:17 of 1st period - Mike Komisarek from Devils is injured at 0:17 of 1st period (Left Hand).
0:18 of 1st period - Jason Spezza wins face-off versus T.J. Oshie in Devils zone.
0:29 of 1st period - Slapshot by Jason Spezza.
0:29 of 1st period - Stopped by Kari Lehtonen without a rebound.
0:30 of 1st period - Dominic Moore wins face-off versus Derek Stepan in Jets zone.
0:34 of 1st period - Minor Penalty to Greg Zanon for Roughing.
0:35 of 1st period - Ilya Kovalchuk wins face-off versus James Wright in Jets zone.
0:51 of 1st period - Snap shot by Jason Spezza.
0:51 of 1st period - Stopped by Kari Lehtonen with a rebound.
2:34 of 1st period - Penalty to Greg Zanon is over, Greg Zanon is back on ice.
2:51 of 1st period - Snap shot by Benoit Pouliot.
2:51 of 1st period - Shot Misses the Net.
3:23 of 1st period - Brent Seabrook is hit by Greg Zanon and loses puck.
3:32 of 1st period - Mikko Koivu is hit by Dominic Moore and loses puck.
3:33 of 1st period - Mikko Koivu from Jets is injured at 3:33 of 1st period (Sore Right Knee).
3:34 of 1st period - James Wright wins face-off versus Matt Duchene in Jets zone.
4:15 of 1st period - Slapshot by Derek Roy.
4:15 of 1st period - Stopped by Cam Ward without a rebound.
4:16 of 1st period - Dominic Moore wins face-off versus Derek Roy in Devils zone.
4:16 of 1st period - Dominic Moore is hit by Benoit Pouliot.
4:31 of 1st period - Snap shot by Dominic Moore.
4:31 of 1st period - Shot Blocked by Michal Rozsival.
5:00 of 1st period - Minor Penalty to Tyler Myers for Interference.
5:01 of 1st period - Jason Spezza wins face-off versus James Wright in Jets zone.
5:04 of 1st period - Slapshot by Ilya Kovalchuk.
5:04 of 1st period - Stopped by Kari Lehtonen with a rebound.
7:00 of 1st period - Penalty to Tyler Myers is over, Tyler Myers is back on ice.
7:18 of 1st period - Steve Ott is hit by Fredrik Sjostrom and loses puck.
7:29 of 1st period - Wrist shot by Eric Fehr.
7:29 of 1st period - Shot Misses the Net.
7:35 of 1st period - Derek Stepan is hit by Steve Ott and loses puck.
7:40 of 1st period - Wrist shot by Dan Boyle.
7:40 of 1st period - Deflect By Travis Hamonic.
7:40 of 1st period - Stopped by Kari Lehtonen with a rebound.
7:58 of 1st period - Backhand shot by Anthony Stewart.
7:58 of 1st period - Deflect By Travis Hamonic.
7:58 of 1st period - Shot Blocked by Tyler Myers.
7:58 of 1st period - Puck is out of play.
7:59 of 1st period - Derek Roy wins face-off versus Jason Spezza in Jets zone.
8:07 of 1st period - Minor Penalty to Dan Boyle for Tripping.
8:08 of 1st period - Dominic Moore wins face-off versus Derek Roy in Devils zone.
8:20 of 1st period - Wrist shot by Travis Hamonic.
8:20 of 1st period - Deflect By Derek Roy.
8:20 of 1st period - Deflect By Chris Mcallister.
8:20 of 1st period - Shot Blocked by Karl Alzner.
8:20 of 1st period - Puck is out of play.
8:21 of 1st period - Dominic Moore wins face-off versus Derek Roy in Devils zone.
8:26 of 1st period - Wrist shot by Derek Roy.
8:26 of 1st period - Goal by Derek Roy - Jets : 1 - Devils : 0.
8:27 of 1st period - Derek Stepan wins face-off versus Matt Duchene in neutral zone.
8:33 of 1st period - Minor Penalty to Dan Boyle for Roughing.
8:34 of 1st period - Derek Roy wins face-off versus Chris Mcallister in Devils zone.
8:40 of 1st period - Snap shot by Derek Roy.
8:40 of 1st period - Stopped by Cam Ward without a rebound.
8:41 of 1st period - Dominic Moore wins face-off versus Derek Roy in Devils zone.
9:23 of 1st period - Icing by Travis Hamonic.
9:24 of 1st period - Derek Stepan wins face-off versus Steve Ott in Jets zone.
9:24 of 1st period - Derek Stepan is hit by Ilya Kovalchuk.
9:34 of 1st period - Snap shot by Lee Stempniak.
9:34 of 1st period - Shot Misses the Net.
9:36 of 1st period - Snap shot by James Wright.
9:36 of 1st period - Goal by James Wright - Jets : 2 - Devils : 0.
9:37 of 1st period - Derek Roy wins face-off versus Matt Duchene in neutral zone.
10:04 of 1st period - Brent Seabrook is hit by James Wright and loses puck.
10:15 of 1st period - Snap shot by James Wright.
10:15 of 1st period - Goal by James Wright - Jets : 3 - Devils : 0.
10:16 of 1st period - Derek Stepan wins face-off versus Jordan Eberle in neutral zone.
10:21 of 1st period - Slapshot by Anton Volchenkov.
10:21 of 1st period - Stopped by Cam Ward with a rebound.
10:43 of 1st period - Anton Volchenkov is hit by Karl Alzner and loses puck.
11:08 of 1st period - Snap shot by Benoit Pouliot.
11:08 of 1st period - Stopped by Cam Ward with a rebound.
11:36 of 1st period - Snap shot by Alexandre Burrows.
11:36 of 1st period - Stopped by Kari Lehtonen without a rebound.
11:37 of 1st period - Derek Roy wins face-off versus Matt Duchene in Jets zone.
11:37 of 1st period - Derek Roy is hit by Ilya Kovalchuk.
11:46 of 1st period - Icing by Tyler Myers.
11:47 of 1st period - Matt Duchene wins face-off versus Derek Roy in Jets zone.
12:17 of 1st period - Dan Boyle is hit by Derek Roy and loses puck.
12:26 of 1st period - Snap shot by Benoit Pouliot.
12:26 of 1st period - Stopped by Cam Ward with a rebound.
12:28 of 1st period - Slapshot by Michal Rozsival.
12:28 of 1st period - Shot Blocked by Dan Boyle.
12:30 of 1st period - Snap shot by Benoit Pouliot.
12:30 of 1st period - Shot Misses the Net.
12:32 of 1st period - Wrist shot by Benoit Pouliot.
12:32 of 1st period - Shot Blocked by Karl Alzner.
12:40 of 1st period - Snap shot by Benoit Pouliot.
12:40 of 1st period - Stopped by Cam Ward without a rebound.
12:41 of 1st period - James Wright wins face-off versus Jason Spezza in Devils zone.
13:28 of 1st period - Jimmy Hayes is hit by Adam Pardy and loses puck.
13:45 of 1st period - Jason Spezza is hit by Michael Rupp and loses puck.
14:24 of 1st period - Snap shot by Alexandre Burrows.
14:24 of 1st period - Stopped by Kari Lehtonen with a rebound.
14:26 of 1st period - Backhand shot by Karl Alzner.
14:26 of 1st period - Stopped by Kari Lehtonen with a rebound.
14:32 of 1st period - Snap shot by Alexandre Burrows.
14:32 of 1st period - Shot Blocked by Benoit Pouliot.
14:38 of 1st period - Minor Penalty to Tyler Myers for Hooking.
14:39 of 1st period - Jason Spezza wins face-off versus James Wright in Jets zone.
14:40 of 1st period - Wrist shot by Ilya Kovalchuk.
14:40 of 1st period - Shot Blocked by Michael Rupp.
15:02 of 1st period - Adam Pardy is hit by Michal Rozsival and loses puck.
16:28 of 1st period - Off-side.
16:29 of 1st period - Jason Spezza wins face-off versus Derek Stepan in neutral zone.
16:38 of 1st period - Penalty to Tyler Myers is over, Tyler Myers is back on ice.
16:47 of 1st period - Tyler Myers is hit by Brad Richardson and loses puck.
16:52 of 1st period - Slapshot by Dominic Moore.
16:52 of 1st period - Stopped by Kari Lehtonen with a rebound.
16:58 of 1st period - Chris Mcallister is hit by Jimmy Hayes and loses puck.
17:09 of 1st period - Derek Roy is hit by Adam Pardy and loses puck.
18:35 of 1st period - Snap shot by Dan Boyle.
18:35 of 1st period - Stopped by Kari Lehtonen with a rebound.
18:37 of 1st period - Backhand shot by Ted Purcell.
18:37 of 1st period - Shot Misses the Net.
18:39 of 1st period - Slapshot by Karl Alzner.
18:39 of 1st period - Deflect By Anton Volchenkov.
18:39 of 1st period - Stopped by Kari Lehtonen without a rebound.
18:40 of 1st period - Jason Spezza wins face-off versus James Wright in Jets zone.
19:20 of 1st period - Icing by Matt Duchene.
19:21 of 1st period - Dominic Moore wins face-off versus Derek Stepan in Devils zone.
19:52 of 1st period - Benoit Pouliot is hit by Brent Seabrook.
Goals for this period are 3 for Jets vs 0 for Devils.
Shots for this period are 9 for Jets vs 10 for Devils.
2nd period
0:01 of 2nd period - Matt Duchene wins face-off versus James Wright in neutral zone.
0:26 of 2nd period - Anton Volchenkov is hit by Jason Spezza.
0:30 of 2nd period - Snap shot by Jason Spezza.
0:30 of 2nd period - Shot Blocked by Derek Roy.
0:32 of 2nd period - Backhand shot by Adam Pardy.
0:32 of 2nd period - Shot Blocked by Travis Hamonic.
1:27 of 2nd period - Snap shot by Matt Duchene.
1:27 of 2nd period - Stopped by Kari Lehtonen with a rebound.
1:32 of 2nd period - Minor Penalty to Michael Rupp for Tripping.
1:33 of 2nd period - Jason Spezza wins face-off versus James Wright in Jets zone.
2:00 of 2nd period - Minor Penalty to Karl Alzner for Goalie Interference.
2:01 of 2nd period - Derek Roy wins face-off versus Ted Purcell in Devils zone.
2:02 of 2nd period - Wrist shot by Benoit Pouliot.
2:02 of 2nd period - Stopped by Cam Ward with a rebound.
2:04 of 2nd period - Wrist shot by Derek Roy.
2:04 of 2nd period - Shot Blocked by Ted Purcell.
2:06 of 2nd period - Snap shot by Derek Roy.
2:06 of 2nd period - Stopped by Cam Ward without a rebound.
2:07 of 2nd period - Derek Roy wins face-off versus Ted Purcell in Devils zone.
2:17 of 2nd period - Snap shot by Benoit Pouliot.
2:17 of 2nd period - Deflect By Derek Roy.
2:17 of 2nd period - Stopped by Cam Ward without a rebound.
2:18 of 2nd period - Jason Spezza wins face-off versus Derek Roy in Devils zone.
2:53 of 2nd period - Ilya Kovalchuk is hit by Tyler Myers and loses puck.
3:16 of 2nd period - Benoit Pouliot is hit by Ted Purcell and loses puck.
3:29 of 2nd period - Backhand shot by Fredrik Sjostrom.
3:29 of 2nd period - Stopped by Cam Ward without a rebound.
3:30 of 2nd period - James Wright wins face-off versus Anthony Stewart in Devils zone.
3:32 of 2nd period - Penalty to Michael Rupp is over, Michael Rupp is back on ice.
3:49 of 2nd period - Off-side.
3:50 of 2nd period - Dominic Moore wins face-off versus Derek Roy in neutral zone.
4:00 of 2nd period - Penalty to Karl Alzner is over, Karl Alzner is back on ice.
4:02 of 2nd period - Off-side.
4:03 of 2nd period - Matt Duchene wins face-off versus Derek Roy in neutral zone.
4:10 of 2nd period - Wrist shot by Matt Duchene.
4:10 of 2nd period - Shot Blocked by Michal Rozsival.
4:12 of 2nd period - Slapshot by Dan Boyle.
4:12 of 2nd period - Stopped by Kari Lehtonen with a rebound.
4:14 of 2nd period - Slapshot by Jordan Eberle.
4:14 of 2nd period - Stopped by Kari Lehtonen without a rebound.
4:15 of 2nd period - Matt Duchene wins face-off versus Benoit Pouliot in Jets zone.
4:16 of 2nd period - Snap shot by Ilya Kovalchuk.
4:16 of 2nd period - Stopped by Kari Lehtonen without a rebound.
4:17 of 2nd period - Matt Duchene wins face-off versus Derek Roy in Jets zone.
4:24 of 2nd period - Snap shot by Jordan Eberle.
4:24 of 2nd period - Stopped by Kari Lehtonen with a rebound.
4:28 of 2nd period - Slapshot by Jordan Eberle.
4:28 of 2nd period - Shot Misses the Net.
4:30 of 2nd period - Slapshot by Ilya Kovalchuk.
4:30 of 2nd period - Shot Misses the Net.
4:32 of 2nd period - Slapshot by Karl Alzner.
4:32 of 2nd period - Stopped by Kari Lehtonen with a rebound.
4:40 of 2nd period - Minor Penalty to Anton Volchenkov for Holding.
4:41 of 2nd period - Jason Spezza wins face-off versus James Wright in Jets zone.
5:49 of 2nd period - Benoit Pouliot is hit by Ted Purcell and loses puck.
6:40 of 2nd period - Penalty to Anton Volchenkov is over, Anton Volchenkov is back on ice.
6:52 of 2nd period - Anton Volchenkov is hit by Steve Ott.
6:58 of 2nd period - Adam Pardy is hit by James Wright and loses puck.
7:05 of 2nd period - Slapshot by Eric Fehr.
7:05 of 2nd period - Stopped by Cam Ward with a rebound.
7:17 of 2nd period - Wrist shot by Anthony Stewart.
7:17 of 2nd period - Stopped by Kari Lehtonen without a rebound.
7:18 of 2nd period - Derek Stepan wins face-off versus Dominic Moore in Jets zone.
7:30 of 2nd period - Snap shot by Fredrik Sjostrom.
7:30 of 2nd period - Stopped by Cam Ward without a rebound.
7:31 of 2nd period - Derek Roy wins face-off versus Matt Duchene in Devils zone.
7:38 of 2nd period - Karl Alzner is hit by Lee Stempniak and loses puck.
7:45 of 2nd period - Eric Gelinas is hit by Ilya Kovalchuk and loses puck.
8:16 of 2nd period - Icing by Rene Bourque.
8:17 of 2nd period - Jason Spezza wins face-off versus Derek Roy in Devils zone.
8:17 of 2nd period - Jason Spezza is hit by Tyler Myers.
8:45 of 2nd period - Snap shot by Ted Purcell.
8:45 of 2nd period - Stopped by Kari Lehtonen with a rebound.
8:47 of 2nd period - Slapshot by Jason Spezza.
8:47 of 2nd period - Shot Misses the Net.
9:17 of 2nd period - Wrist shot by Ted Purcell.
9:17 of 2nd period - Shot Misses the Net.
9:19 of 2nd period - Snap shot by Ted Purcell.
9:19 of 2nd period - Shot Blocked by Lee Stempniak.
9:31 of 2nd period - Snap shot by Ted Purcell.
9:31 of 2nd period - Shot Misses the Net.
9:33 of 2nd period - Slapshot by Adam Pardy.
9:33 of 2nd period - Goal by Adam Pardy - Jets : 3 - Devils : 1.
9:34 of 2nd period - Matt Duchene wins face-off versus James Wright in neutral zone.
9:43 of 2nd period - Backhand shot by Ilya Kovalchuk.
9:43 of 2nd period - Shot Blocked by Michael Rupp.
9:47 of 2nd period - Wrist shot by Jordan Eberle.
9:47 of 2nd period - Shot Blocked by Anton Volchenkov.
9:49 of 2nd period - Slapshot by Brent Seabrook.
9:49 of 2nd period - Shot Misses the Net.
9:57 of 2nd period - Minor Penalty to Michael Rupp for Tripping.
9:58 of 2nd period - Jason Spezza wins face-off versus Derek Roy in Jets zone.
10:19 of 2nd period - Slapshot by Jordan Eberle.
10:19 of 2nd period - Stopped by Kari Lehtonen with a rebound.
10:21 of 2nd period - Wrist shot by Matt Duchene.
10:21 of 2nd period - Stopped by Kari Lehtonen with a rebound.
10:23 of 2nd period - Snap shot by Ted Purcell.
10:23 of 2nd period - Shot Hit the Post.
11:57 of 2nd period - Penalty to Michael Rupp is over, Michael Rupp is back on ice.
14:12 of 2nd period - Brent Seabrook is hit by Eric Gelinas and loses puck.
14:37 of 2nd period - Brad Richardson is hit by Derek Stepan.
14:47 of 2nd period - Ilya Kovalchuk is hit by Tyler Myers and loses puck.
15:25 of 2nd period - Marcel Hossa is hit by Ilya Kovalchuk.
16:38 of 2nd period - Slapshot by Greg Zanon.
16:38 of 2nd period - Shot Misses the Net.
17:00 of 2nd period - Snap shot by Brad Richardson.
17:00 of 2nd period - Stopped by Kari Lehtonen with a rebound.
17:02 of 2nd period - Snap shot by Brent Seabrook.
17:02 of 2nd period - Deflect By Dominic Moore.
17:02 of 2nd period - Shot Blocked by Anton Volchenkov.
17:02 of 2nd period - Puck is out of play.
17:03 of 2nd period - Matt Duchene wins face-off versus Derek Roy in Jets zone.
17:06 of 2nd period - Snap shot by Matt Duchene.
17:06 of 2nd period - Shot Blocked by Michal Rozsival.
17:08 of 2nd period - Slapshot by Kyle Cumiskey.
17:08 of 2nd period - Shot Blocked by Michal Rozsival.
17:22 of 2nd period - Icing by T.J. Oshie.
17:23 of 2nd period - Dominic Moore wins face-off versus James Wright in Jets zone.
17:46 of 2nd period - Minor Penalty to Jimmy Hayes for Holding.
17:47 of 2nd period - Jason Spezza wins face-off versus James Wright in Jets zone.
18:19 of 2nd period - Off-side.
18:20 of 2nd period - Derek Roy wins face-off versus Jason Spezza in neutral zone.
19:46 of 2nd period - Penalty to Jimmy Hayes is over, Jimmy Hayes is back on ice.
Goals for this period are 0 for Jets vs 1 for Devils.
Shots for this period are 6 for Jets vs 12 for Devils.
3rd period
0:01 of 3rd period - James Wright wins face-off versus Matt Duchene in neutral zone.
0:06 of 3rd period - Snap shot by Michael Rupp.
0:06 of 3rd period - Shot Blocked by Matt Duchene.
0:48 of 3rd period - Michal Rozsival is hit by Brad Richardson and loses puck.
0:53 of 3rd period - Wrist shot by Chris Mcallister.
0:53 of 3rd period - Deflect By Brad Richardson.
0:53 of 3rd period - Shot Blocked by Derek Stepan.
0:53 of 3rd period - Puck is out of play.
0:54 of 3rd period - Dominic Moore wins face-off versus Michael Rupp in Jets zone.
1:11 of 3rd period - Snap shot by Dominic Moore.
1:11 of 3rd period - Shot Misses the Net.
1:13 of 3rd period - Minor Penalty to Michal Rozsival for Charging.
1:14 of 3rd period - Jordan Eberle wins face-off versus James Wright in Jets zone.
1:15 of 3rd period - Wrist shot by Ilya Kovalchuk.
1:15 of 3rd period - Shot Blocked by James Wright.
1:17 of 3rd period - Wrist shot by Ilya Kovalchuk.
1:17 of 3rd period - Shot Blocked by Tyler Myers.
1:45 of 3rd period - Snap shot by Matt Duchene.
1:45 of 3rd period - Goal by Matt Duchene - Jets : 3 - Devils : 2.
1:46 of 3rd period - Derek Roy wins face-off versus Matt Duchene in neutral zone.
1:51 of 3rd period - Snap shot by Anton Volchenkov.
1:51 of 3rd period - Shot Blocked by Dan Boyle.
1:53 of 3rd period - Wrist shot by Lee Stempniak.
1:53 of 3rd period - Stopped by Cam Ward with a rebound.
1:55 of 3rd period - Snap shot by Derek Roy.
1:55 of 3rd period - Deflect By Benoit Pouliot.
1:55 of 3rd period - Shot Misses the Net.
1:55 of 3rd period - Puck is out of play.
1:56 of 3rd period - Lee Stempniak wins face-off versus Matt Duchene in Devils zone.
1:59 of 3rd period - Snap shot by Benoit Pouliot.
1:59 of 3rd period - Goal by Benoit Pouliot - Jets : 4 - Devils : 2.
1:59 of 3rd period - James Reimer enters game.
2:00 of 3rd period - Matt Duchene wins face-off versus James Wright in neutral zone.
2:32 of 3rd period - Jason Spezza is hit by Anton Volchenkov and loses puck.
2:51 of 3rd period - Slapshot by Anton Volchenkov.
2:51 of 3rd period - Shot Misses the Net.
2:53 of 3rd period - Slapshot by Anton Volchenkov.
2:53 of 3rd period - Shot Misses the Net.
2:55 of 3rd period - Backhand shot by Anton Volchenkov.
2:55 of 3rd period - Shot Misses the Net.
2:57 of 3rd period - Snap shot by Derek Stepan.
2:57 of 3rd period - Shot Misses the Net.
2:59 of 3rd period - Slapshot by Anton Volchenkov.
2:59 of 3rd period - Deflect By Fredrik Sjostrom.
2:59 of 3rd period - Stopped by James Reimer without a rebound.
3:00 of 3rd period - James Wright wins face-off versus Matt Duchene in Devils zone.
3:10 of 3rd period - Minor Penalty to Michael Rupp for Interference.
3:11 of 3rd period - Jason Spezza wins face-off versus Derek Roy in Jets zone.
3:41 of 3rd period - Matt Duchene is hit by James Wright and loses puck.
5:10 of 3rd period - Penalty to Michael Rupp is over, Michael Rupp is back on ice.
6:22 of 3rd period - Rene Bourque is hit by Tyler Myers and loses puck.
6:47 of 3rd period - Alexandre Burrows is hit by Benoit Pouliot and loses puck.
8:42 of 3rd period - Off-side.
8:43 of 3rd period - Steve Ott wins face-off versus Derek Stepan in neutral zone.
9:45 of 3rd period - Travis Hamonic is hit by Adam Pardy.
9:51 of 3rd period - Wrist shot by Marcel Hossa.
9:51 of 3rd period - Goal by Marcel Hossa - Jets : 5 - Devils : 2.
9:52 of 3rd period - Derek Roy wins face-off versus Matt Duchene in neutral zone.
10:03 of 3rd period - Snap shot by Ilya Kovalchuk.
10:03 of 3rd period - Stopped by Kari Lehtonen with a rebound.
10:22 of 3rd period - Slapshot by Karl Alzner.
10:22 of 3rd period - Stopped by Kari Lehtonen with a rebound.
10:24 of 3rd period - Snap shot by Ted Purcell.
10:24 of 3rd period - Goal by Ted Purcell - Jets : 5 - Devils : 3.
10:25 of 3rd period - Matt Duchene wins face-off versus Derek Roy in neutral zone.
10:34 of 3rd period - Snap shot by Ilya Kovalchuk.
10:34 of 3rd period - Shot Misses the Net.
10:42 of 3rd period - Slapshot by Derek Roy.
10:42 of 3rd period - Stopped by James Reimer with a rebound.
11:13 of 3rd period - Snap shot by Derek Stepan.
11:13 of 3rd period - Stopped by James Reimer with a rebound.
11:41 of 3rd period - Slapshot by Anthony Stewart.
11:41 of 3rd period - Shot Misses the Net.
11:59 of 3rd period - Snap shot by Benoit Pouliot.
11:59 of 3rd period - Shot Misses the Net.
12:11 of 3rd period - Minor Penalty to Ilya Kovalchuk for Slashing.
12:12 of 3rd period - Derek Roy wins face-off versus Dominic Moore in Devils zone.
12:15 of 3rd period - Wrist shot by Benoit Pouliot.
12:15 of 3rd period - Shot Blocked by Adam Pardy.
12:17 of 3rd period - Slapshot by Anton Volchenkov.
12:17 of 3rd period - Stopped by James Reimer with a rebound.
12:19 of 3rd period - Slapshot by Anton Volchenkov.
12:19 of 3rd period - Deflect By Brent Seabrook.
12:19 of 3rd period - Stopped by James Reimer with a rebound.
12:47 of 3rd period - Snap shot by Lee Stempniak.
12:47 of 3rd period - Shot Misses the Net.
14:11 of 3rd period - Penalty to Ilya Kovalchuk is over, Ilya Kovalchuk is back on ice.
14:53 of 3rd period - Minor Penalty to Adam Pardy for Tripping.
14:54 of 3rd period - Derek Roy wins face-off versus Dominic Moore in Devils zone.
15:13 of 3rd period - Benoit Pouliot is hit by Chris Mcallister and loses puck.
16:06 of 3rd period - Alexandre Burrows is hit by Benoit Pouliot and loses puck.
16:16 of 3rd period - Icing by T.J. Oshie.
16:17 of 3rd period - Benoit Pouliot wins face-off versus Matt Duchene in Jets zone.
16:53 of 3rd period - Penalty to Adam Pardy is over, Adam Pardy is back on ice.
17:51 of 3rd period - Wrist shot by Anthony Stewart.
17:51 of 3rd period - Stopped by Kari Lehtonen with a rebound.
18:36 of 3rd period - Matt Duchene is hit by Benoit Pouliot and loses puck.
18:59 of 3rd period - Minor Penalty to Lee Stempniak for Roughing.
19:00 of 3rd period - Jason Spezza wins face-off versus James Wright in Jets zone.
19:05 of 3rd period - Wrist shot by Ilya Kovalchuk.
19:05 of 3rd period - Shot Misses the Net.
19:09 of 3rd period - Snap shot by Jason Spezza.
19:09 of 3rd period - Shot Blocked by Anton Volchenkov.
19:11 of 3rd period - Slapshot by Dan Boyle.
19:11 of 3rd period - Shot Blocked by Anton Volchenkov.
19:13 of 3rd period - Slapshot by Adam Pardy.
19:13 of 3rd period - Goal by Adam Pardy - Jets : 5 - Devils : 4.
19:14 of 3rd period - Jason Spezza wins face-off versus Derek Roy in neutral zone.
19:17 of 3rd period - Devils, James Reimer is pulled from the net.
19:29 of 3rd period - Snap shot by Ilya Kovalchuk.
19:29 of 3rd period - Stopped by Kari Lehtonen with a rebound.
19:50 of 3rd period - Derek Roy is hit by Dan Boyle and loses puck.
Goals for this period are 2 for Jets vs 3 for Devils.
Shots for this period are 8 for Jets vs 7 for Devils.
Back to the Top